 Seeded DCSS version 0.29-a0-664-gff9cad4a3d (webtiles) character file.

Game seed: 696969 (custom seed)

25 blackman the Chopper (level 3, 29/29 HPs)
             Began as a Human Monk on June 22, 2022.
             Quit the game on level 1 of the Dungeon.
             The game lasted 00:02:15 (1468 turns).

blackman the Chopper (Human Monk)                   Turns: 1468, Time: 00:02:16

Health: 29/29      AC:  2    Str: 13    XL:     3   Next: 20%
Magic:  3/3        EV: 13    Int: 10    God:
Gold:   52         SH:  0    Dex: 15    Spells: 2/2 levels left

rFire   . . .      SeeInvis .   a - +0 hand axe
rCold   . . .      Faith    .   (no shield)
rNeg    . . .      Spirit   .   b - +0 robe
rPois   .          Reflect  .   (no helmet)
rElec   .          Harm     .   (no cloak)
rCorr   .          Rampage  .   (no gloves)
Will    .....                   (no boots)
Stlth   ++........              (no amulet)
HPRegen 0.09/turn               (no ring)
MPRegen 0.08/turn               (no ring)

@: no status effects
A: no striking features
a: no special abilities


You were on level 1 of the Dungeon.
You visited 1 branch of the dungeon, and saw 1 of its levels.

You collected 52 gold pieces.

Inventory:

Hand Weapons
 a - a +0 hand axe (weapon)
Armour
 b - a +0 robe (worn)
Scrolls
 d - 5 scrolls of identify
 f - a scroll of fear
Potions
 c - a potion of ambrosia
 e - a potion of berserk rage {unknown}
 g - a potion of curing {unknown}
 h - a potion of attraction {unknown}
 i - a potion of flight {unknown}


   Skills:
 - Level 3.0 Fighting
 + Level 4.1 Axes
 - Level 3.0 Dodging
 - Level 2.0 Stealth


You had 2 spell levels left.
You didn't know any spells.
Your spell library was empty.

Dungeon Overview and Level Annotations

Branches:
Dungeon (1/15)

Altars:


Message History

A frilled lizard is nearby!
The helpless frilled lizard fails to defend itself.
You hit the frilled lizard.
You kill the frilled lizard!
No target in view!
Key pressed, stopping explore.
Key pressed, stopping explore.
Key pressed, stopping explore.
A kobold comes into view.
It is wielding a +0 dagger of protection.
A kobold is nearby!
The kobold misses you.
You miss the kobold.
The kobold hits you with a +0 dagger of protection.
You hit the kobold but do no damage. The kobold closely misses you.
You hit the kobold but do no damage. The kobold hits you but does no damage.
You hit the kobold but do no damage.
The kobold hits you with a +0 dagger of protection.
A kobold is nearby!
A kobold is nearby!
A kobold is nearby!
You closely miss the kobold.
The kobold hits you with a +0 dagger of protection.
You hit the kobold but do no damage. The kobold closely misses you.
The kobold misses you.
You closely miss the kobold.
The kobold hits you with a +0 dagger of protection.
You hit the kobold but do no damage. The kobold barely misses you.
You barely miss the kobold. The kobold barely misses you.
You hit the kobold but do no damage. The kobold completely misses you.
You hit the kobold.
You kill the kobold!
No target in view!
No target in view!
No target in view!
Things that are here:
a +0 dagger of protection; a kobold corpse Key pressed, stopping explore.
Key pressed, stopping explore.
Done exploring.
Are you sure you want to abandon this character and quit the game? (Confirm with "yes".)

....+........#.# #.#...#.#
#
....#.######.#.####.#...#.#
#
....+...†..#.#......#...#.#
#
....######.#.#.######...#.#
# ....#
####.#.#.#........#.#######
....#
#....#.#.#.####..##.#......
##### ######.#.#.#
#..##.###.### #
#.#.#.####.....# #.# # #
#.#.#@......#### #.###
############.#.######..#
#.#..
....................#..#
#.#.#
############.#.####)#..#
#.#.# # #.....#.#.......#
#.#.#
#####################..#
#.#..
.......................#
#.#.#
..#..#..#..#..#..#.....#
#.#.#
.......................#
#.###


There were no monsters in sight!

Vanquished Creatures
  A dart slug (D:1)
  2 endoplasms (D:1)
  2 giant cockroaches (D:1)
  3 goblins (D:1)
  A hobgoblin (D:1)
  4 kobolds (D:1)
  A quokka (D:1)
  2 frilled lizards (D:1)
  5 rats (D:1)
21 creatures vanquished.

Notes
Turn   | Place    | Note
-------+----------+-------------------------------------------
     0 | D:1      | blackman the Human Monk began the quest for the Orb.
     0 | D:1      | Reached XP level 1. HP: 18/18 MP: 1/1
   432 | D:1      | Reached XP level 2. HP: 18/24 MP: 2/2
  1075 | D:1      | Reached skill level 4 in Axes
  1075 | D:1      | Reached XP level 3. HP: 27/29 MP: 3/3
  1468 | D:1      | Quit the game

Illustrated notes

Levels and vault maps discovered:
D:1:      minmay_arrival_split_and_join, layout_basic, columned_hall_lemuel,
          serial_park_tiny_1

Skill      XL: |  1  2 |
---------------+-------+-----
Axes           | 4 |  4.1
Fighting       | |  3.0
Dodging        | |  3.0
Stealth        | |  2.0

Action                   || total
-------------------------++-------
Melee: Hand axe          ||    81
  Use: Scroll            ||     1
 Stab: Sleeping          ||     7
Armor: Robe              ||     9
Dodge: Dodged            ||    52

Table legend: (Time is in decaauts)
 A = Elapsed time spent in this place.
 B = Non-inter-level travel time spent in this place.
 C = Inter-level travel time spent in this place.
 D = Time resting spent in this place.
 E = Time spent auto-exploring this place.
 F = Levels seen in this place.
 G = Mean time per level.
                   A        B        C        D        E       F      G
               +--------+--------+--------+--------+--------+-----+--------+
         Total |   1477 |   1477 |      0 |      0 |   1299 |   1 | 1477.0 |
       Dungeon |   1477 |   1477 |      0 |      0 |   1299 |   1 | 1477.0 |
               +--------+--------+--------+--------+--------+-----+--------+

Top non-repeatable levels by time:
     D:1: 1477 daAuts
